 Dungeon Crawl Stone Soup version 0.29-a0-541-gaf1fc19f1b (webtiles) character file.

Game seed: 3717084224486838803

212 Morbidden the Conjurer (level 5, -1/36 HPs)
             Began as a Demonspawn Conjurer on June 2, 2022.
             Was an Initiate of Gozag.
             Slain by an ice beast (5 damage)
             ... on level 3 of the Dungeon.
             The game lasted 00:03:12 (3494 turns).

Morbidden the Conjurer (Demonspawn Conjurer)        Turns: 3494, Time: 00:03:13

Health: -1/36      AC:  5    Str:  7    XL:     5   Next: 58%
Magic:  1/9        EV: 12    Int: 22    God:    Gozag
Gold:   449        SH:  5    Dex: 11    Spells: 7/10 levels left

rFire   . . .      SeeInvis .     - Unarmed
rCold   . . .      Faith    .   (no shield)
rNeg    . . .      Spirit   .   g - +1 robe of Deguogos {+Blink Stlth+}
rPois   .          Reflect  +   r - +0 helmet
rElec   .          Harm     .   (no cloak)
rCorr   .          Rampage  .   (no gloves)
Will    .....                   d - +0 pair of boots
Stlth   +++.......              c - amulet of reflection
HPRegen 0.12/turn               (no ring)
MPRegen 0.22/turn               (no ring)

@: gold aura, studying Shields
A: demonic guardian 1, magic regeneration, weakness stinger 1
a: Renounce Religion, Evoke Blink, Potion Petition, Call Merchant, Bribe Branch


You were on level 3 of the Dungeon.
You worshipped Gozag.
Gozag was aware of your devotion.
You visited 1 branch of the dungeon, and saw 3 of its levels.

You collected 449 gold pieces.

Inventory:

Missiles
 e - 7 poisoned darts (quivered)
Armour
 d - a +0 pair of boots (worn)
 g - the +1 robe of Deguogos (worn) {+Blink Stlth+}
   (You found it on level 2 of the Dungeon)

   +Blink:    It lets you blink.
   Stlth:     It makes you more stealthy.
 r - a +0 helmet (worn)
Jewellery
 c - an amulet of reflection (around neck)
 s - an amulet of magic regeneration
Scrolls
 a - 2 scrolls of teleportation {unknown}
 j - 2 scrolls of vulnerability {unknown}
 m - a scroll of amnesia {unknown}
 o - a scroll of noise {unknown}
 p - 2 scrolls of identify {unknown}
 t - a scroll of silence {unknown}
Potions
 b - a potion of magic
 f - a potion of resistance {unknown}
 h - a potion of mutation {unknown}
 i - a potion of haste {unknown}
 k - a potion of heal wounds {unknown}
 l - a potion of berserk rage {unknown}
 n - a potion of brilliance {unknown}
 q - a potion of lignification {unknown}


   Skills:
 * Level 0.5 Fighting
 + Level 0.2 Throwing
 * Level 2.7 Dodging
 + Level 2.1 Stealth
 * Level 1.3 Unarmed Combat
 * Level 3.3 Spellcasting
 * Level 5.1 Conjurations


You had 7 spell levels left.
You knew the following spells:

 Your Spells              Type           Power      Damage    Failure   Level
a - Magic Dart            Conj           100%       1d8       1%          1
b - Searing Ray           Conj           52%        2d6       2%          2

Your spell library contained the following spells:

 Spells                   Type           Power      Damage    Failure   Level
 Dazzling Flash           Conj/Hex       28%        N/A       13%         3
 Fulminant Prism          Conj/Hex       7%         3d7       38%         4
 Iskenderun's Mystic Bla  Conj/Tloc      14%        2d5       38%         4


Dungeon Overview and Level Annotations

Branches:
Dungeon (3/15)

Altars:
Gozag
Wu Jian
The Shining One

Shops:
D:2 :


Innate Abilities, Weirdness & Mutations

A weak demonic guardian rushes to your aid.
You regenerate magic rapidly.
You have a small tail.


Message History

Confirm with . or Enter, or press ? or * to list all spells.
Aiming: Magic Dart (safe; 1% risk of failure)
Press: ? - help, Shift-Dir - straight line, f/p - ice beast
Aim: an ice beast (severely wounded, 100% to hit)
The magic dart hits the ice beast but does no damage.
The ice beast is severely wounded.
You block the ice beast's attack.
Your white imp hits the ice beast.
Your white imp freezes the ice beast.
The ice beast completely resists.
Casting: Magic Dart (safe; 1% risk of failure)
Confirm with . or Enter, or press ? or * to list all spells.
Aiming: Magic Dart (safe; 1% risk of failure)
Press: ? - help, Shift-Dir - straight line, f/p - ice beast
Aim: an ice beast (severely wounded, ally target, 100% to hit)
The magic dart hits the ice beast but does no damage.
The ice beast is severely wounded.
The ice beast hits you but does no damage.
Your white imp misses the ice beast.
Unknown command.
Unknown command.
Unknown command.
The ice beast attacks as you move away!
The ice beast hits you but does no damage.
Unknown command.
The ice beast attacks as you move away! The ice beast hits you.
The ice beast freezes you!
* * * LOW HITPOINT WARNING * * *
What are your orders? t - Shout!
Orders for allies: a - Attack new target. p - Attack previous target. r - Retreat! s - Stop attacking. g - Guard the area. f - Follow me.
Anything else - Cancel.
Gang up on whom?
Press: ? - help, Dir - move target, f/p - ice beast
Aim: an ice beast (severely wounded, ally target) Attack!
The ice beast hits you.
* * * LOW HITPOINT WARNING * * *
A demonic guardian appears!
The ice beast freezes you.
You die...
Your body crumbles into a pile of gold.

#.#. #.##....>..
#.#.###.##.<..... #.
#..#.##.#........ #.
#................
#.######....#.[......
#....#......##.......
#...#.....###......# ##
###.....#..# #.#...##
#..#.5Y@...#..###.##.###
#..#...5.#####..........
###..$..#..# ..#####....
#..$.$..#..# ## #####
#...[.###### ....#.. ..?
#.. .. ###


You could see an ice beast (ally target), a friendly quasit (summoned) and a
friendly white imp (summoned).

Vanquished Creatures
  An orc priest (D:3)
  Robin (D:2)
  2 adders (D:2)
  4 gnolls (D:3)
  A dart slug (D:2)
  6 orcs (D:3)
  9 bats
  5 endoplasms
  3 giant cockroaches (D:1)
  14 goblins (D:2)
  6 hobgoblins
  3 jackals (D:1)
  4 quokkas (D:2)
  9 ball pythons
  2 frilled lizards (D:1)
  5 kobolds
  4 rats
79 creatures vanquished.

Vanquished Creatures (collateral kills)
  Terence (D:2)
  A frilled lizard (D:3)
2 creatures vanquished.

Grand Total: 81 creatures vanquished

Notes
Turn   | Place    | Note
-------+----------+-------------------------------------------
     0 | D:1      | Morbidden the Demonspawn Conjurer began the quest for the
                  | Orb.
     0 | D:1      | Reached XP level 1. HP: 13/13 MP: 3/3
   375 | D:1      | Gained mutation: You regenerate magic rapidly. [demonic
                  | ancestry]
   375 | D:1      | Reached XP level 2. HP: 10/19 MP: 3/5
   677 | D:1      | Learned a level 2 spell: Searing Ray
  1292 | D:1      | Gained mutation: A weak demonic guardian rushes to your
                  | aid. [demonic ancestry]
  1292 | D:1      | Reached XP level 3. HP: 24/24 MP: 4/6
  1388 | D:2      | Found a faded altar of an unknown god.
  1389 | D:2      | Identified the +1 robe of Deguogos {+Blink Stlth+}
  1389 | D:2      | Noticed an eye of devastation
  1403 | D:2      | Noticed a floating eye
  1403 | D:2      | Noticed a great orb of eyes
  1403 | D:2      | Noticed an eye of devastation
  1408 | D:2      | Prayed at the altar of an unknown god.
  1408 | D:2      | Became a worshipper of Gozag Ym Sagoz the Greedy
  1460 | D:2      | Noticed Robin
  1619 | D:2      | Killed Robin
  1620 | D:2      | Gained mutation: You have a small tail. [demonic ancestry]
  1620 | D:2      | Reached XP level 4. HP: 8/30 MP: 3/8
  1890 | D:2      | Found Cezunlep's Book Shop.
  2183 | D:2      | Noticed Terence
  2198 | D:2      | Killed Terence
  2199 | D:2      | Reached skill level 1 in Unarmed Combat
  2411 | D:2      | Reached skill level 5 in Conjurations
  2750 | D:3      | Reached XP level 5. HP: 36/36 MP: 4/9
  3309 | D:3      | Found an ornate altar of the Wu Jian Council.
  3479 | D:3      | Noticed an ice beast
  3494 | D:3      | Slain by an ice beast

Illustrated notes

Levels and vault maps discovered:
D:1:      amcnicky_arrival_abandoned_market, layout_basic
D:2:      layout_loops_cross, hellmonk_ecumenical_altar_watching_god,
          serial_shops, nicolae_shop_behind_doors, minivault_25, uniq_terence,
          uniq_robin
D:3:      layout_loops_ring, mainiacjoe_overflow_large_starburst,
          hangedman_decor_push

Skill      XL: |  1  2  3  4 |
---------------+-------------+-----
Stealth        | 2 |  2.1
Dodging        | 2 |  2.7
Unarmed Combat | 1 |  1.3
Conjurations   | 5 |  5.1
Spellcasting   | 3 |  3.3
Fighting       | |  0.5
Throwing       | |  0.2

Action                   |  1- 3 |  4- 6 || total
-------------------------+-------+-------++-------
Melee: Unarmed           |    30 |     1 ||    31
       Tailslap          |       |     1 ||     1
Throw: Dart              |     8 |       ||     8
 Cast: Magic Dart        |    82 |    81 ||   163
       Searing Ray       |       |     4 ||     4
Armor: Robe              |     9 |     3 ||    12
Dodge: Dodged            |    22 |     9 ||    31
Block: Other             |    17 |     4 ||    21
       Reflection        |     1 |     1 ||     2

Table legend: (Time is in decaauts)
 A = Elapsed time spent in this place.
 B = Non-inter-level travel time spent in this place.
 C = Inter-level travel time spent in this place.
 D = Time resting spent in this place.
 E = Time spent auto-exploring this place.
 F = Levels seen in this place.
 G = Mean time per level.
                   A        B        C        D        E       F      G
               +--------+--------+--------+--------+--------+-----+--------+
         Total |   3493 |   3386 |    107 |     27 |   2801 |   3 | 1164.3 |
       Dungeon |   3493 |   3386 |    107 |     27 |   2801 |   3 | 1164.3 |
               +--------+--------+--------+--------+--------+-----+--------+

Top non-repeatable levels by time:
     D:1: 1375 daAuts
     D:2: 1336 daAuts
     D:3: 781 daAuts
